 Dungeon Crawl Stone Soup version 0.21-a0-504-g2eda330 (webtiles) character file.

7930 vineage the Basher (level 11, -23/72 HPs)
             Began as a Gargoyle Fighter on Nov 25, 2017.
             Was a Priest of Makhleb.
             Annihilated by a phantasmal warrior (27 damage)
             ... led by a death knight
             ... on level 11 of the Dungeon.
             The game lasted 00:15:27 (9376 turns).

vineage the Basher (Gargoyle Fighter)               Turns: 9376, Time: 00:15:27

Health: -23/72     AC: 21    Str: 23      XL:     11   Next: 22%
Magic:  11/11      EV:  5    Int:  8 (9)  God:    Makhleb [***...]
Gold:   465        SH:  9    Dex:  8 (9)  Spells: 10/10 levels left

rFire    . . .     SeeInvis .   b - +2 flail (distort)
rCold    . . .     Gourm    .   c - +0 shield
rNeg     + . .     Faith    .   i - +0 plate armour
rPois    ∞         Spirit   .   (helmet restricted)
rElec    +         Reflect  .   B - scarf {repulsion}
rCorr    .         Harm     .   (no gloves)
MR       .....                  (no boots)
Stlth    ..........             (no amulet)
HPRegen  0.22/turn              r - ring of stealth
MPRegen  0.12/turn              (no ring)

@: vulnerable, slowed, repel missiles, very slow
A: horns 1, talons 1, negative energy resistance 1, sense surroundings 1, robust
1, electricity resistance, unbreathing, petrification resistance, rot immunity,
AC +8
a: Minor Destruction, Lesser Servant of Makhleb, Renounce Religion


You were on level 11 of the Dungeon.
You worshipped Makhleb.
Makhleb was most pleased with you.
You were very hungry.

You visited 2 branches of the dungeon, and saw 12 of its levels.

You collected 465 gold pieces.

Inventory:

Hand Weapons
 a - a +1 flail of flaming
 b - a +2 flail of distortion (weapon)
Armour
 c - a +0 shield (worn)
 i - a +0 plate armour (worn)
 z - a +0 cloak
 B - a scarf of repulsion (worn)
Jewellery
 r - a ring of stealth (left hand)
 H - a cursed amulet of inaccuracy {unknown}
Wands
 h - a wand of acid (4)
 F - a wand of iceblast (15)
 G - a wand of flame (22)
 I - a wand of disintegration (32)
Scrolls
 k - a scroll of remove curse
 n - 3 scrolls of amnesia
 q - a scroll of magic mapping
 t - a scroll of immolation
 A - 3 scrolls of identify
 D - a scroll of brand weapon
Potions
 m - 2 potions of brilliance
 o - a potion of mutation
 u - a potion of cancellation {unknown}
 w - a potion of lignification {unknown}
 x - a potion of invisibility {unknown}
Comestibles
 d - 6 meat rations
 f - 6 bread rations
 g - 10 fruits
 s - 5 royal jellies


   Skills:
 + Level 6.5 Fighting
 - Level 14.3 Maces & Flails
 + Level 7.8 Armour
 + Level 1.0 Dodging
 - Level 3.2 Shields
 + Level 0.5 Invocations


You had 10 spell levels left.
You didn't know any spells.

Dungeon Overview and Level Annotations

Branches:
Dungeon (11/15)            Temple (1/1) D:5            Lair (0/6) D:8
    Orc: D:9-12

Altars:
Ashenzari
Cheibriados
Dithmenos
Elyvilon
Fedhas
Gozag
Hepliaklqana
Kikubaaqudgha
Makhleb
Nemelex Xobeh
Okawaru
Qazlal
Ru
Sif Muna
Trog
Uskayaw
Vehumet
Wu Jian
Xom
Yredelemnul
Zin
The Shining One

Shops:
D:8 [   D:10 (

Annotations:
D:8 Pikel
D:10 Maurice


Innate Abilities, Weirdness & Mutations

You are resistant to torment.
Your stone body is resilient. (AC +8)
You are immune to poison.
You resist negative energy. (rN+)
You are resistant to electric shocks. (rElec)
You can survive without breathing.
You are immune to petrification.
You are immune to rotting.
You have a pair of small horns on your head.
You have sharp toenails.
You passively map a small area around you.
You are robust. (+10% HP)


Message History

The death knight is moderately wounded.
The phantasmal warrior hits you but does no damage.
You block the freezing wraith's attack. The freezing wraith closely misses you.
The death knight hits you but does no damage.
Your shield and plate armour prevent you from hitting the phantasmal warrior.
Your kick misses the phantasmal warrior.
The phantasmal warrior is severely damaged.
The phantasmal warrior hits you.
Your magical defenses are stripped away!
You block the phantasmal warrior's attack.
The freezing wraith hits you but does no damage.
The freezing wraith hits you.
The death knight offers itself to Yredelemnul, and fills with unholy energy.
The phantasmal warrior hits you. The phantasmal warrior hits you!!
* * * LOW HITPOINT WARNING * * *
You are too injured to fight recklessly!
You are too injured to fight recklessly!
You are too injured to fight recklessly!
The phantasmal warrior hits you!!
You die...

* *### #.# * , |.#
#.# * * #.# #.# #.#
#.# * *##########.#
#.# * *
...........####.#*
, * ,
................# ,
...........###### *
*#####.#@W.?.......
, * * #
#pW......... , ,*
......W§..########,
, ..........# * ,
..........#
,..........#
.)........# *
..........#
..........# *


You could see a death knight, 2 phantasmal warriors and a freezing wraith.

Vanquished Creatures
  2 two-headed ogres
  A hippogriff (D:9)
  2 slime creatures (D:9)
  A wyvern (D:9)
  A steam dragon (D:9)
  A hungry ghost (D:9)
  The ghost of Typee the Insei, an amateur OpTm (D:3)
  3 wargs (D:8)
  7 orc warriors
  3 ice beasts
  4 sky beasts
  4 slaves (D:8)
  An eye of draining (D:9)
  2 phantoms
  6 ogres
  6 centaurs
  A crocodile (D:8)
  Blork the orc (D:4)
  3 bullfrogs
  A scorpion (D:6)
  3 killer bees (D:9)
  6 wights
  A bullfrog zombie (D:8)
  5 crimson imps
  2 howler monkeys (D:9)
  3 orc priests
  A gnoll shaman (D:10)
  3 hounds
  Crazy Yiuf (D:5)
  A bullfrog skeleton (D:5)
  3 jellies
  10 orc wizards
  4 iguanas
  Natasha (thrice) (D:2)
  6 worker ants
  A hound skeleton (D:6)
  10 gnolls
  9 adders
  A shadow imp (D:7)
  An ooze (D:2)
  2 worms (D:3)
  2 dart slugs
  10 leopard geckos
  33 orcs
  12 bats
  8 giant cockroaches
  10 goblins
  8 hobgoblins
  13 jackals
  15 kobolds
  4 quokkas
  A ball python (D:3)
  5 frilled lizards
  A jackal skeleton (D:6)
  3 rats
  2 fungi (D:5)
254 creatures vanquished.

Vanquished Creatures (others)
  A slime creature (D:9)
  A wraith (D:11)
  An ogre (D:8)
  A big kobold (D:9)
  A wight (D:6)
  An iguana (D:10)
  An adder (D:10)
  A gnoll (D:9)
8 creatures vanquished.

Grand Total: 262 creatures vanquished

Notes
Turn   | Place    | Note
-------+----------+-------------------------------------------
     0 | D:1      | vineage the Gargoyle Fighter began the quest for the Orb.
     0 | D:1      | Reached XP level 1. HP: 14/14 MP: 1/1
   394 | D:1      | Reached XP level 2. HP: 18/19 MP: 2/2
   513 | D:1      | Reached skill level 3 in Maces & Flails
   765 | D:1      | Reached XP level 3. HP: 23/23 MP: 3/3
  1374 | D:2      | Noticed Natasha
  1392 | D:2      | Killed Natasha
  1392 | D:2      | Reached skill level 4 in Maces & Flails
  1392 | D:2      | Reached XP level 4. HP: 25/28 MP: 4/4
  1754 | D:2      | Found a glowing golden altar of the Shining One.
  1896 | D:2      | Found an ornate altar of the Wu Jian Council.
  1896 | D:2      | Found a basalt altar of Yredelemnul.
  1994 | D:2      | Noticed Natasha
  2010 | D:2      | Killed Natasha
  2010 | D:2      | Reached skill level 5 in Maces & Flails
  2010 | D:2      | Reached XP level 5. HP: 32/32 MP: 5/5
  2135 | D:2      | Noticed Natasha
  2145 | D:2      | Killed Natasha
  2152 | D:3      | Noticed Typee's ghost (amateur OpTm)
  2165 | D:3      | Killed Typee's ghost
  2165 | D:3      | Reached skill level 6 in Maces & Flails
  2165 | D:3      | Reached XP level 6. HP: 26/37 MP: 6/6
  2529 | D:3      | Found a sparkling altar of Nemelex Xobeh.
  2671 | D:4      | Found an opulent altar of Gozag.
  2738 | D:4      | Reached skill level 7 in Maces & Flails
  2993 | D:4      | Found a hide-covered altar of Uskayaw.
  3068 | D:4      | Noticed Blork the orc
  3075 | D:4      | Killed Blork the orc
  3075 | D:4      | Reached XP level 7. HP: 31/41 MP: 7/7
  3229 | D:4      | Gained mutation: You are robust. (+10% HP) [potion of mutation]
  3229 | D:4      | Gained mutation: You have sharp toenails. [potion of mutation]
  3229 | D:4      | Gained mutation: You passively map a small area around you. [potion of mutation]
  3229 | D:4      | Gained mutation: You have a pair of small horns on your head. [potion of mutation]
  3281 | D:5      | Entered Level 5 of the Dungeon
  3439 | D:5      | Reached skill level 8 in Maces & Flails
  3462 | D:5      | Found a staircase to the Ecumenical Temple.
  3495 | Temple   | Entered the Ecumenical Temple
  3550 | Temple   | Became a worshipper of Makhleb the Destroyer
  3611 | D:5      | Found a bloodstained altar of Trog.
  4516 | D:5      | Found a runed door.
  4520 | D:5      | Noticed Crazy Yiuf
  4525 | D:5      | Killed Crazy Yiuf
  4589 | D:6      | Reached skill level 9 in Maces & Flails
  4589 | D:6      | Reached XP level 8. HP: 34/50 MP: 8/8
  4605 | D:6      | Found a stormy altar of Qazlal.
  4676 | D:6      | Found a radiant altar of Vehumet.
  5046 | D:6      | Reached skill level 10 in Maces & Flails
  5081 | D:6      | Reached * piety under Makhleb
  5439 | D:6      | Reached skill level 11 in Maces & Flails
  5497 | D:6      | Reached XP level 9. HP: 56/56 MP: 9/9
  5951 | D:7      | Found an opulent altar of Gozag.
  5952 | D:7      | Found a hazy altar of Hepliaklqana.
  6016 | D:7      | Reached skill level 12 in Maces & Flails
  6290 | D:8      | Reached ** piety under Makhleb
  6306 | D:8      | Reached skill level 13 in Maces & Flails
  6336 | D:8      | Found Gayhung's Armour Emporium.
  6372 | D:8      | Found a staircase to the Lair.
  6425 | D:8      | Reached XP level 10. HP: 58/61 MP: 10/10
  6665 | D:8      | Noticed Pikel
  6980 | D:9      | Noticed a two-headed ogre
  6992 | D:9      | Killed a two-headed ogre
  6992 | D:9      | Reached skill level 14 in Maces & Flails
  7572 | D:9      | Reached skill level 5 in Armour
  7713 | D:9      | Reached skill level 5 in Fighting
  7746 | D:9      | Reached *** piety under Makhleb
  7930 | D:10     | Entered Level 10 of the Dungeon
  7950 | D:10     | Found Cimeet's Weapon Shoppe.
  8004 | D:10     | Noticed a two-headed ogre
  8202 | D:10     | Noticed Maurice
  8215 | D:10     | HP: 1/66 [acid (12)]
  8749 | D:10     | Reached XP level 11. HP: 70/70 MP: 11/11
  9068 | D:10     | Killed a two-headed ogre
  9068 | D:10     | Reached skill level 1 in Dodging
  9358 | D:11     | Noticed a phantasmal warrior
  9365 | D:11     | Noticed a death knight
  9365 | D:11     | Noticed a phantasmal warrior
  9376 | D:11     | Annihilated by a phantasmal warrior

Vault maps used:
D:1:      kilobyte_arrival_exit_the_forest
D:2:      wad_woods_pond, tso_oasis_becter, minitemple, uniq_natasha
D:3:      nemelex_xobeh_ov_fountains_minmay
D:4:      marbit_many_paths, first_bread, grunt_gozag_statues,
          uniq_blork_the_orc
D:5:      nicolae_overflow_crystal_walls, minmay_temple_entry_junction,
          uniq_crazy_yiuf_cottage
D:6:      old_standard_altar, overflow_temple_1_default, st_stairs_12,
          hangedman_abyss_or_decor_stagger
D:7:      gammafunk_temple_overflow_pools
D:8:      erik_lair_orcish_takeover, serial_shops, nicolae_shop_waterfront,
          uniq_pikel
D:10:     serial_column_ruins, column_ruins_grid_3, column_ruins_grid_3,
          column_ruins_grid_4, column_ruins_grid_1, serial_shops,
          shop_fountains, uniq_fannar, uniq_maurice
D:11:     serial_shops, shop
Temple:   nicolae_temple_hex_pool

Skill      XL: |  1  2  3  4  5  6  7  8  9 10 11 |
---------------+----------------------------------+-----
Maces & Flails | 3 4 5 6 7 9 11 13 14 | 14.3
Armour         | 6 7 |  7.8
Fighting       | 5 6 |  6.5
Dodging        | 1 |  1.0
Shields        | |  3.2
Invocations    | |  0.5

Action                   |  1- 3 |  4- 6 |  7- 9 | 10-12 || total
-------------------------+-------+-------+-------+-------++-------
Melee: Flail             |   143 |   293 |   353 |   333 ||  1122
       Kick              |       |       |    72 |    82 ||   154
       Headbutt          |       |       |    47 |    47 ||    94
Invok: Minor Destruction |       |       |       |     1 ||     1
       Lesser Servant of |       |       |       |     1 ||     1
  Use: Potion            |       |     1 |     4 |     6 ||    11
       Scroll            |       |       |     7 |    13 ||    20
  Eat: Chunk             |     2 |     5 |    12 |    11 ||    30
       Royal jelly       |       |       |       |     1 ||     1
Armor: Scale mail        |    25 |       |       |       ||    25
       Plate armour      |    62 |   239 |   213 |   219 ||   733
Dodge: Dodged            |    36 |    45 |    46 |    52 ||   179
       Deflected         |       |       |       |     5 ||     5
Block: Shield            |    70 |   201 |   143 |   160 ||   574

Table legend:
 A = Spawn XP
 B = Non-spawn XP
 C = Spawn XP percentage of total XP
 D = Spawn monster count
 E = Non-spawn monster count
 F = Spawn count percentage of total count
 G = Total turns spent on level
                    A         B        C        D         E        F      G
               +---------+---------+-------+---------+---------+-------+---------
         Total |       0 |   11329 |   0.0 |       0 |     255 |   0.0 |  9376
               +---------+---------+-------+---------+---------+-------+---------
           D:1 |       0 |      38 |   0.0 |       0 |      19 |   0.0 |  1180
           D:2 |       0 |     168 |   0.0 |       0 |      28 |   0.0 |   972
           D:3 |       0 |     309 |   0.0 |       0 |      29 |   0.0 |   518
           D:4 |       0 |     180 |   0.0 |       0 |       8 |   0.0 |   611
           D:5 |       0 |     368 |   0.0 |       0 |      20 |   0.0 |  1218
           D:6 |       0 |    1662 |   0.0 |       0 |      38 |   0.0 |  1222
           D:7 |       0 |     603 |   0.0 |       0 |      15 |   0.0 |   453
           D:8 |       0 |    1670 |   0.0 |       0 |      23 |   0.0 |   680
           D:9 |       0 |    3702 |   0.0 |       0 |      36 |   0.0 |   999
          D:10 |       0 |    2328 |   0.0 |       0 |      37 |   0.0 |  1394
          D:11 |       0 |     301 |   0.0 |       0 |       2 |   0.0 |    52
               +---------+---------+-------+---------+---------+-------+---------
